 Dungeon Crawl Stone Soup version 0.18-a0-1392-g59a4c01 (webtiles) character file.

275630 sanyatryhard the Shatterer (level 20, -14/244 HPs)
             Began as an Ogre Hunter on Feb 22, 2016.
             Was the Champion of Yredelemnul.
             Killed from afar by a battlesphere (26 damage)
             ... created by a tengu reaver
             ... on level 5 of the Vaults on Feb 23, 2016.
             The game lasted 03:03:14 (60447 turns).

sanyatryhard the Shatterer (Ogre Hunter)           Turns: 60447, Time: 03:03:14

Health: -14/244    AC: 22    Str: 29    XL:     20   Next: 35%
Magic:  25/29      EV: 14    Int: 11    God:    Yredelemnul [******]
Gold:   3165       SH:  0    Dex: 13    Spells: 0 memorised, 19 levels left

rFire  + + +     SeeInvis .     W - +1 giant spiked club (freeze)
rCold  x . .     Gourm    .     z - +5 fire dragon armour
rNeg   . . .     Faith    .     (shield currently unavailable)
rPois  .         Spirit   .     V - +2 hat of the High Council {Archmagi, Wiz- Stlth-}
rElec  .         Dismiss  .     U - +0 cloak
rCorr  .         Reflect  .     (gloves unavailable)
SustAt .         Harm     .     (boots unavailable)
MR     ++...                    o - amulet of magic regeneration
Stlth  ..........               c - ring "Meduckev" {MR++ Dex+2}
                                F - ring of the Octopus King {rF+ AC+1 EV+1 Str+1 Int+1 Dex+1}

@: lethally poisoned (-14 -> -18), exhausted, about to teleport, vulnerable,
very slightly contaminated, hasted, drained, very quick, very resistant to
hostile enchantments, extremely unstealthy
A: unfitting armour, tough skin 1
a: Recall Undead Slaves, Injury Mirror, Animate Dead, Drain Life, Enslave Soul,
Renounce Religion
}: 2/15 runes: decaying, gossamer


You were on level 5 of the Vaults.
You worshipped Yredelemnul.
Yredelemnul was exalted by your worship.
You were very hungry.

You visited 7 branches of the dungeon, and saw 39 of its levels.
You visited 1 bazaar.
You also visited: Labyrinth, Ice Cave and Volcano.

You collected 4900 gold pieces.
You spent 1735 gold pieces at shops.

Inventory:

Hand Weapons
 W - a +1 giant spiked club of freezing (weapon)
Missiles
 u - 41 large rocks (quivered)
Armour
 z - a +5 fire dragon armour (worn)
 U - a +0 cloak (worn)
 V - the +2 hat of the High Council (worn) {Archmagi, Wiz- Stlth-}
   (You acquired it on level 11 of the Dungeon)

   It makes you less stealthy.
Jewellery
 c - the ring "Meduckev" (right hand) {MR++ Dex+2}
   (You found it on level 3 of the Lair of Beasts)

   [ring of dexterity]

   It affects your dexterity (+2).
   It affects your resistance to hostile enchantments.
 k - an uncursed ring of protection from cold
 o - an amulet of magic regeneration (around neck)
 y - an uncursed ring of protection from magic
 E - an uncursed ring of see invisible
 F - a ring of the Octopus King (left hand) {rF+ AC+1 EV+1 Str+1 Int+1 Dex+1}
   (You bought it in a shop in a bazaar)

   [ring of protection from fire]

   It affects your AC (+1).
   It affects your evasion (+1).
   It affects your strength (+1).
   It affects your intelligence (+1).
   It affects your dexterity (+1).
   It protects you from fire.
 Z - an uncursed ring of positive energy
Wands
 a - a wand of lightning (5/15)
 d - a wand of digging (8/24)
 T - a wand of teleportation (9/9)
Scrolls
 b - 6 scrolls of fear
 g - 23 scrolls of remove curse
 i - 5 scrolls of fog
 n - a scroll of torment {unknown}
 r - 2 scrolls of recharging
 v - 6 scrolls of magic mapping
 x - 8 scrolls of identify
 B - 8 scrolls of teleportation
 L - 8 scrolls of immolation
 Q - 2 scrolls of blinking
Potions
 e - 22 potions of curing
 h - 3 potions of berserk rage
 j - 6 potions of brilliance
 l - 7 potions of agility
 s - 6 potions of might
 w - a potion of haste
 D - a potion of magic
 G - 9 potions of ambrosia
 I - 2 potions of heal wounds
 K - 3 potions of flight
 M - 2 potions of resistance
 S - 5 potions of invisibility
 X - 3 potions of cancellation
Books
 C - the Guide on Lightness and Arcane Weapons
   (You found it on level 3 of the Vaults)

   Spells                             Type                      Level
   a - Lightning Bolt                 Conjuration/Air              5
   b - Freezing Cloud                 Conjuration/Ice/Air          6
   c - Tornado                        Air                          9
Miscellaneous
 N - a sack of spiders
Comestibles
 f - 8 bread rations
 m - 14 slices of pizza
 q - 42 fruits
 t - 11 beef jerkies
 A - a meat ration
 P - 4 royal jellies


   Skills:
 + Level 24.1(23.7) Fighting
   Level 1.0(0.7) Short Blades
 - Level 24.1(23.7) Maces & Flails
 - Level 8.0(7.6) Throwing
 - Level 10.1(9.8) Armour
 - Level 11.2(10.8) Dodging
 - Level 0.7(0.4) Stealth
 - Level 13.0(12.6) Invocations


You had 19 spell levels left.
You didn't know any spells.

Dungeon Overview and Level Annotations

Branches:
Dungeon (15/15)            Temple (1/1) D:7            Lair (8/8) D:8
  Swamp (4/4) Lair:5       Spider (4/4) Lair:5        Slime (0/6) Lair:8
    Orc (2/2) D:12            Elf (0/3) Orc:2        Vaults (5/5) D:14
  Crypt (0/3) Vaults:2
 Depths: D:15

Altars:
Ashenzari
Cheibriados
Elyvilon
Fedhas
Kikubaaqudgha
Makhleb
Nemelex Xobeh
Okawaru
Pakellas
Qazlal
Ru
Sif Muna
Trog
Vehumet
Xom
Yredelemnul
Zin
The Shining One
Beogh
Jiyva

Shops:
D:6 !   Orc:2 (:[(   Vaults:2 *   Vaults:3 ([   Vaults:4 ?


Innate Abilities, Weirdness & Mutations

You are too large for most types of armour.
You have tough skin (AC +1).


Message History

The quicksilver dragon claws you.
You hear a shout!
You hear two shouts!
You hear a roar!
You hear a shout!
You hear a roar!
You hear a shout!
Read which item? (? for menu, Esc to quit)
Blink to where?
Press: ? - help, Dir - move target cursor You are very lightly contaminated with residual magic.
As you read the scroll of blinking, it crumbles to dust.
You feel yourself speed up.
Drink which item? (? for menu, Esc to quit)
You feel yourself speed up.
Read which item? (? for menu, Esc to quit)
As you read the scroll of teleportation, it crumbles to dust.
You feel strangely unstable. The tengu reaver casts a spell at you.
The bolt of poison hits you!
You are poisoned.
The battlesphere fires!
The barrage of energy hits you!
You die...
Your body rises from the dead as a mindless zombie.

####################...
.....p.pc.p*...@.......
.......oC..Q.....###.#.
######....D#######
##...## ..... #.....#
###.### ###


You could see a frost giant, a quicksilver dragon, a vault warden, a tengu
reaver, a yaktaur and a battlesphere.

Vanquished Creatures
  A lich (Vaults:4)
  Rupert (Vaults:1)
  Agnes (Vaults:1)
  Frances (Swamp:1)
  A thorn hunter (Swamp:3)
  Roxanne (Swamp:3)
  A tengu reaver (Vaults:5)
  A fire giant (Vaults:4)
  2 vault wardens
  An iron dragon (Vaults:5)
  An emperor scorpion (Spider:4)
  9 ironheart preservers
  3 stone giants
  3 very ugly things (Vaults:4)
  A salamander stormcaller (Vaults:4)
  Azrael (D:13)
  An eidolon (Vaults:2)
  10 vault guards
  A minotaur (Lab)
  7 yaktaur captains
  A fire dragon (Vaults:5)
  8 hydras
  2 ice dragons
  A great orb of eyes (shapeshifter) (Vaults:2)
  An entropy weaver (Spider:1)
  3 great orbs of eyes
  A ghost crab (Swamp:3)
  The ghost of anele the Protected, a journeyman DsAr of Pakellas (Lair:1)
  3 centaur warriors
  A death knight (Vaults:1)
  2 dancing weapons (D:14)
  A vampire mage (D:14)
  A queen ant (shapeshifter) (Vaults:4)
  5 alligators
  The ghost of Reinor the Covert, a journeyman SpEE (D:10)
  6 ogre magi
  2 orc high priests (Orc:2)
  10 spriggans
  2 deep elf knights (Vaults:4)
  A shadow wraith (Vaults:3)
  4 fire crabs
  2 unseen horrors
  5 skeletal warriors
  4 deep trolls
  2 flayed ghosts
  A swamp dragon (Swamp:4)
  7 hill giants
  A phantasmal warrior (Vaults:4)
  A deep elf archer (Vaults:4)
  4 ironbrand convokers
  2 shambling mangroves (Swamp:3)
  13 orc knights
  Pikel (Temple)
  10 orb spiders
  21 wolf spiders
  4 necromancers
  8 ugly things
  2 griffons
  3 deep elf magi
  2 human zombies (Vaults:1)
  3 hornets
  A moth of wrath (Spider:4)
  5 cyclopes
  A manticore (D:14)
  6 orc sorcerers
  An elephant (Lair:8)
  4 salamanders (Vaults:3)
  A guardian serpent (shapeshifter) (Vaults:1)
  7 vault sentinels
  3 centaur zombies
  4 black mambas
  2 ice statues (IceCv)
  A torpor snail (Spider:3)
  7 komodo dragons
  8 spiny frogs
  5 freezing wraiths
  10 demonic crawlers
  A tengu conjurer (D:13)
  18 yaktaurs
  2 anaconda simulacra (IceCv)
  3 swamp drakes
  3 golden dragon simulacra (IceCv)
  12 ice devils (IceCv)
  5 fire drakes (Lair:8)
  5 giant leeches
  15 jumping spiders
  6 polar bears
  A polar bear (shapeshifter) (Vaults:4)
  13 two-headed ogres
  7 trolls
  A jumping spider (shapeshifter) (Vaults:3)
  A raiju (shapeshifter) (Vaults:4)
  15 slime creatures
  5 bog bodies
  4 boulder beetles
  14 blink frogs
  A stone giant simulacrum (Vaults:3)
  35 redbacks
  10 tarantellas
  2 shadows
  A vampire (D:14)
  A human (D:9)
  A spriggan (shapeshifter) (Vaults:4)
  4 wraiths
  4 wyverns
  36 yaks
  5 fire elementals (D:13)
  3 hogs (D:9)
  A human (shapeshifter) (Vaults:3)
  5 basilisks
  32 vampire mosquitoes
  12 hippogriffs
  6 hungry ghosts
  A steam dragon (D:11)
  15 wolves
  A harpy simulacrum (IceCv)
  3 mottled dragons
  3 wargs
  Menkaure (D:7)
  A soldier ant (D:13)
  An iron troll simulacrum (IceCv)
  11 swamp worms
  2 hydra simulacra (IceCv)
  6 porcupines
  13 water moccasins
  A water moccasin (shapeshifter) (Vaults:2)
  An ettin simulacrum (IceCv)
  31 orc warriors
  3 slaves
  4 black bears
  An ice beast (D:5)
  3 phantoms
  3 sky beasts
  A necrophage (D:10)
  24 ogres
  9 wasps
  An ogre (shapeshifter) (Vaults:2)
  4 boggarts
  9 centaurs
  8 crocodiles
  6 big kobolds
  14 giant frogs
  An ogre simulacrum (Vaults:1)
  A water moccasin zombie (D:7)
  10 killer bees
  A yak zombie (D:10)
  4 electric eels
  19 wights
  7 crimson imps
  A giant frog zombie (D:3)
  A gnoll shaman (D:9)
  2 jellies
  Crazy Yiuf (D:7)
  7 hounds
  2 centaur skeletons
  22 orc priests
  Jessica (D:2)
  13 iguanas
  Natasha (thrice) (D:4)
  18 orc wizards
  11 worker ants
  4 hell rats (Lair:6)
  A killer bee zombie (D:8)
  12 sheep
  A hound zombie (D:5)
  2 hound skeletons
  A worker ant zombie (D:5)
  12 adders
  15 gnolls
  66 river rats
  A shadow imp (D:5)
  4 white imps (Swamp:3)
  2 oozes
  4 worms
  4 giant geckos
  82 orcs
  3 giant cockroaches
  8 goblins
  9 hobgoblins
  9 jackals
  2 quokkas
  A ball python (D:2)
  10 bats
  A giant gecko zombie (D:6)
  4 giant newts
  A jackal skeleton (D:4)
  21 kobolds
  A quokka zombie (D:5)
  8 rats
  A briar patch (Swamp:3)
  2 bushes (Lair:5)
  A fungus (Lair:4)
  2 plants
1158 creatures vanquished.

Vanquished Creatures (collateral kills)
  Mara (Swamp:4)
  2 thorn hunters
  2 ancient champions (Vaults:1)
  A tengu reaver (Vaults:2)
  The ghost of WhatIsLove the Nimble, an adept DsMo of Cheibriados (Spider:2)
  3 ghost moths
  A frost giant (Vaults:4)
  5 vault wardens
  3 deep elf sorcerers (Vaults:4)
  8 emperor scorpions
  Aizul (Swamp:4)
  2 stone giants
  A spriggan defender (Vaults:1)
  3 ironheart preservers
  A vampire knight (Vaults:1)
  A deep elf annihilator (Vaults:3)
  A salamander stormcaller (Vaults:3)
  10 vault guards
  2 deep elf death magi (Vaults:4)
  4 yaktaur captains
  9 hydras
  2 entropy weavers
  A ghost crab (Swamp:4)
  A centaur warrior (Vaults:2)
  An alligator (Swamp:1)
  A death knight (Vaults:4)
  3 ogre magi
  A deep troll shaman (Vaults:1)
  A deep troll earth mage (Vaults:3)
  A soul eater (Vaults:2)
  2 deep elf knights (Vaults:3)
  An orc high priest (Orc:2)
  4 shadow wraiths (Vaults:4)
  6 deep trolls
  A spriggan druid (Swamp:4)
  An unseen horror (D:10)
  8 swamp dragons
  2 shambling mangroves (Swamp:4)
  2 hill giants
  8 ironbrand convokers
  6 deep elf archers
  4 orc knights
  27 wolf spiders
  2 flayed ghosts
  An orc sorcerer (Orc:2)
  2 phantasmal warriors
  5 deep elf magi
  A faun (shapeshifter) (Vaults:1)
  2 wizards
  19 orb spiders
  2 ugly things
  A hornet (shapeshifter) (Vaults:3)
  5 hornets
  4 elephants (Lair:8)
  3 moths of wrath
  A griffon (Vaults:4)
  2 vault sentinels
  2 black mambas
  2 torpor snails
  8 spiny frogs
  3 fire drakes
  4 freezing wraiths
  4 komodo dragons
  8 yaktaurs
  9 demonic crawlers
  2 trolls
  22 jumping spiders
  A giant leech (Swamp:3)
  3 two-headed ogres
  11 blink frogs
  3 bog bodies
  16 slime creatures
  A boulder beetle (shapeshifter) (Vaults:3)
  A boulder beetle (Spider:3)
  58 redbacks
  5 spriggans
  11 yaks
  27 tarantellas
  2 hippogriffs
  15 vampire mosquitoes
  A basilisk (Lair:8)
  A hungry ghost (D:12)
  11 wolves
  6 insubstantial wisps (Swamp:4)
  A warg (Vaults:3)
  6 swamp worms
  A soldier ant (D:10)
  An ogre zombie (Vaults:1)
  4 water moccasins
  4 porcupines
  7 swamp drakes
  9 ogres
  11 orc warriors
  2 black bears
  A sky beast (D:9)
  5 wasps
  An eye of draining (shapeshifter) (Vaults:4)
  3 crocodiles
  3 centaurs (Vaults:3)
  3 giant frogs
  A killer bee (D:12)
  5 wights
  An electric eel (Spider:3)
  A jelly (D:13)
  A quasit (D:11)
  A gnoll shaman (Orc:2)
  3 orc priests
  2 hounds
  An iguana (Lair:3)
  5 orc wizards
  4 worker ants
  3 hell rats (Lair:6)
  2 gnolls (Orc:2)
  24 river rats
  8 white imps (Swamp:3)
  12 orcs
  7 kobolds
  4 briar patches (Swamp:3)
  3 bushes
  25 fungi
  22 plants
630 creatures vanquished.

Vanquished Creatures (others)
  A profane servitor (Vaults:5)
  A tengu reaver (Vaults:4)
  An ironheart preserver (Vaults:3)
  4 ghouls
  2 very ugly thing zombies (Vaults:4)
  2 spectral elves
  3 hydras (Swamp:4)
  An ogre mage (Vaults:2)
  2 skeletal warriors
  5 flayed ghosts
  5 phantasmal warriors
  An ugly thing zombie (Vaults:1)
  A spectral spriggan (Spider:3)
  4 human zombies
  A swamp worm zombie (Swamp:1)
  7 redback zombies
  2 yaktaur skeletons (Vaults:4)
  2 hydra zombies
  A ghoul skeleton (Vaults:1)
  A human skeleton (Vaults:3)
  A slime creature (Swamp:4)
  2 tarantella zombies
  16 flying skulls
  A jumping spider zombie (Spider:3)
  A wraith (D:14)
  An elf zombie (Vaults:4)
  A hill giant zombie (D:10)
  4 vampires
  3 deep troll zombies
  A slave (D:7)
  2 blink frog zombies
  A fire drake zombie (Lair:8)
  6 vampire mosquito zombies
  An elf skeleton (Vaults:3)
  A hog zombie (D:9)
  A salamander zombie (Vaults:3)
  A wyvern zombie (D:10)
  A cyclops zombie (D:13)
  5 yaktaur zombies
  A water moccasin zombie (Lair:8)
  A warg zombie (Vaults:1)
  A scorpion (D:7)
  4 boulder beetle zombies
  2 spriggan zombies
  6 yak zombies
  A polar bear zombie (Lair:3)
  2 troll zombies
  2 wights
  2 spectral boggarts (Vaults:1)
  6 wolf zombies
  6 centaur zombies
  A giant frog zombie (D:10)
  5 wasp zombies
  5 two-headed ogre zombies
  A black bear zombie (D:13)
  3 bog body skeletons
  An orc wizard (D:7)
  3 crocodile zombies
  3 killer bee zombies
  A sky beast zombie (D:9)
  2 big kobold zombies
  9 ogre zombies
  A necrophage skeleton (D:10)
  5 hound zombies
  A mummy (Lair:1)
  A worker ant zombie (D:12)
  An adder (D:7)
  2 swamp drake zombies (Swamp:4)
  3 iguana zombies
  2 sheep zombies
  A quokka (D:2)
  2 gnoll skeletons (D:9)
  A gnoll zombie (D:9)
  7 kobold zombies
  2 orc skeletons
  35 orc zombies
  12 river rat zombies
  29 fungi
  17 plants
287 creatures vanquished.

Grand Total: 2075 creatures vanquished

Notes
Turn   | Place    | Note
--------------------------------------------------------------
     0 | D:1      | sanyatryhard the Ogre Hunter began the quest for the Orb.
     0 | D:1      | Reached XP level 1. HP: 22/22 MP: 1/1
   272 | D:1      | Reached XP level 2. HP: 25/31 MP: 2/2
   617 | D:1      | Reached XP level 3. HP: 37/39 MP: 3/3
  1192 | D:2      | Reached skill level 1 in Short Blades
  1192 | D:2      | Reached XP level 4. HP: 16/49 MP: 4/4
  1380 | D:2      | Reached skill level 5 in Fighting
  1674 | D:2      | Noticed Jessica
  1684 | D:2      | Killed Jessica
  2070 | D:2      | Reached XP level 5. HP: 57/57 MP: 5/5
  2129 | D:2      | Found a white marble altar of Elyvilon.
  2333 | D:2      | Reached skill level 1 in Maces & Flails
  3308 | D:3      | Reached XP level 6. HP: 49/66 MP: 6/6
  3531 | D:4      | Reached skill level 5 in Maces & Flails
  4017 | D:4      | Noticed Natasha
  4033 | D:4      | Killed Natasha
  4035 | D:4      | Noticed Natasha
  4259 | D:4      | Killed Natasha
  4276 | D:4      | Found a burning altar of Makhleb.
  4324 | D:4      | Reached XP level 7. HP: 67/72 MP: 7/7
  4488 | D:4      | Found a sparkling altar of Nemelex Xobeh.
  4573 | D:4      | Noticed Natasha
  4579 | D:4      | Killed Natasha
  4673 | D:5      | Entered Level 5 of the Dungeon
  5317 | D:5      | Reached XP level 8. HP: 30/80 MP: 8/8
  5729 | D:5      | Reached skill level 10 in Maces & Flails
  6453 | D:6      | Found Kickapso's Distillery.
  6456 | D:6      | Bought a potion of curing for 30 gold pieces
  6456 | D:6      | Bought a potion of haste for 100 gold pieces
  7095 | D:6      | Reached XP level 9. HP: 67/89 MP: 9/9
  7503 | D:7      | Found an iron altar of Okawaru.
  7548 | D:7      | Found a staircase to the Ecumenical Temple.
  7555 | D:7      | Noticed Pikel
  7567 | D:7      | Noticed Menkaure
  7567 | Temple   | Entered the Ecumenical Temple
  7819 | Temple   | Became a worshipper of Yredelemnul the Dark
  7837 | Temple   | Killed Pikel
  8122 | D:7      | Killed Menkaure
  8228 | D:7      | Reached skill level 10 in Fighting
  8295 | D:7      | Reached XP level 10. HP: 66/115 MP: 10/10
  8625 | D:7      | Found a glowing silver altar of Zin.
  9159 | D:7      | Noticed Crazy Yiuf
  9164 | D:7      | Killed Crazy Yiuf
  9360 | D:8      | Reached * piety under Yredelemnul
  9551 | D:8      | Found a stormy altar of Qazlal.
  9697 | D:8      | Found a staircase to the Lair.
  9780 | D:8      | Reached skill level 5 in Dodging
 10374 | D:9      | Reached skill level 1 in Invocations
 11452 | D:9      | Reached ** piety under Yredelemnul
 11893 | D:9      | Reached skill level 5 in Invocations
 11893 | D:9      | Reached XP level 11. HP: 116/123 MP: 14/14
 11936 | D:10     | Entered Level 10 of the Dungeon
 11984 | D:10     | Noticed a hill giant
 12227 | D:10     | Killed a hill giant
 13393 | D:10     | Found a shattered altar of Ashenzari.
 13393 | D:10     | Noticed Reinor's ghost (journeyman SpEE)
 13426 | D:10     | Killed Reinor's ghost
 14731 | Lair:1   | Entered Level 1 of the Lair of Beasts
 14735 | Lair:1   | Noticed anele's ghost (journeyman DsAr)
 14780 | D:10     | Noticed a death knight
 14994 | D:12     | Noticed a hill giant
 15001 | D:12     | Killed a hill giant
 15001 | D:12     | Reached skill level 5 in Throwing
 15657 | D:11     | Identified a scroll of acquirement
 15748 | D:12     | Noticed a four-headed hydra
 15936 | D:11     | Noticed a hill giant
 15942 | D:11     | Killed a hill giant
 16114 | D:12     | Reached *** piety under Yredelemnul
 16118 | D:12     | Noticed a hill giant
 16130 | D:12     | Killed a hill giant
 16179 | D:12     | Killed a four-headed hydra
 16179 | D:12     | Reached XP level 12. HP: 98/131 MP: 15/15
 16705 | D:12     | Noticed a five-headed hydra
 16725 | D:12     | Killed a five-headed hydra
 16725 | D:12     | Reached skill level 15 in Maces & Flails
 17173 | D:12     | Found a staircase to the Orcish Mines.
 17346 | Orc:1    | Entered Level 1 of the Orcish Mines
 17659 | Orc:2    | Entered Level 2 of the Orcish Mines
 17707 | Orc:2    | Found a flickering gateway to a bazaar.
 17712 | Bazaar   | Entered a bazaar
 17726 | Bazaar   | Found Bis Ygum's Assorted Antiques.
 17746 | Bazaar   | Found Comoit's Weapon Emporium.
 17746 | Bazaar   | Found Naotaj's Food Shoppe.
 17761 | Bazaar   | Found Wuenteop's Magic Scroll Emporium.
 17761 | Bazaar   | Found Zoaxt's Jewellery Shoppe.
 17784 | Bazaar   | Found Xuddair's Antique Weapon Emporium.
 17784 | Bazaar   | Found Fipnisyl's Armour Shoppe.
 17808 | Bazaar   | Bought a fire dragon hide for 550 gold pieces
 17891 | Bazaar   | Bought a fuming ruby potion for 26 gold pieces
 17891 | Bazaar   | Bought a ring of the Octopus King for 145 gold pieces
 17891 | Bazaar   | Bought a scroll labeled CYCWEI WEASEU for 29 gold pieces
 17897 | Bazaar   | Identified a ring of the Octopus King {rF+ AC+1 EV+1 Str+1 Int+1 Dex+1} (You bought it in a shop in a bazaar)
 17927 | Bazaar   | Bought a scroll of brand weapon for 160 gold pieces
 17967 | Orc:2    | Found a dark tunnel.
 17982 | Volcano  | Entered a volcano
 17992 | Volcano  | Reached **** piety under Yredelemnul
 18000 | Volcano  | Received a gift from Yredelemnul
 18135 | Orc:2    | Found a staircase to the Elven Halls.
 18700 | Orc:2    | Found a roughly hewn altar of Beogh.
 18717 | Orc:2    | Received a gift from Yredelemnul
 19021 | Orc:2    | Found Zagu's Weapon Shop.
 19030 | Orc:2    | Noticed an orc high priest
 19031 | Orc:2    | Noticed an orc high priest
 19037 | Orc:2    | Killed an orc high priest
 19038 | Orc:2    | Noticed a soul eater
 19529 | Orc:2    | Killed an orc high priest
 19564 | Orc:2    | Noticed an orc high priest
 19566 | Orc:2    | Noticed a sun demon
 19824 | Orc:2    | Killed an orc high priest
 19936 | Orc:2    | Reached XP level 13. HP: 115/143 MP: 14/16
 20369 | Orc:2    | Received a gift from Yredelemnul
 20579 | Orc:2    | Found Paff's Antique Weapon Shop.
 20581 | Orc:2    | Found Sopuro's Armour Shoppe.
 20581 | Orc:2    | Found Haxt's Book Shoppe.
 21128 | Lair:1   | Reached ***** piety under Yredelemnul
 21440 | Lair:1   | Killed anele's ghost
 21505 | Lair:1   | Received a gift from Yredelemnul
 24018 | Lair:3   | Got a scorched silver ring
 24020 | Lair:3   | Identified the ring "Meduckev" {MR++ Dex+2} (You found it on level 3 of the Lair of Beasts)
 24043 | Lair:3   | Received a gift from Yredelemnul
 24899 | Lair:4   | Received a gift from Yredelemnul
 24958 | Lair:4   | Received a gift from Yredelemnul
 25396 | Lair:4   | Received a gift from Yredelemnul
 26146 | Lair:5   | Found a staircase to the Swamp.
 26177 | Lair:5   | Received a gift from Yredelemnul
 26322 | Lair:5   | Found a hole to the Spider Nest.
 26646 | Lair:6   | Received a gift from Yredelemnul
 26857 | Lair:6   | Reached XP level 14. HP: 146/152 MP: 16/20
 27633 | Lair:7   | Received a gift from Yredelemnul
 27864 | Lair:7   | Received a gift from Yredelemnul
 28237 | Lair:8   | Entered Level 8 of the Lair of Beasts
 28237 | Lair:8   | Found a labyrinth entrance.
 28239 | Lair:8   | Upgraded the game from 0.18-a0-1378-g7babcad to 0.18-a0-1392-g59a4c01
 28244 | Lab      | Entered a labyrinth
 28700 | Lab      | Reached skill level 10 in Invocations
 28999 | Lab      | Got a smoking eveningstar {freeze}
 29000 | Lab      | Identified the cursed +2 eveningstar "Yclog" {freeze, rN+} (You took it off a minotaur in a labyrinth)
 29008 | Lab      | Identified Juila's Disquisition on Flying Malediction
 29185 | Lair:8   | Received a gift from Yredelemnul
 29845 | Lair:8   | Reached ****** piety under Yredelemnul
 29870 | Lair:8   | Found a viscous altar of Jiyva.
 29871 | Lair:8   | Found a staircase to the Slime Pits.
 30058 | Lair:8   | Received a gift from Yredelemnul
 30330 | Lair:8   | Received a gift from Yredelemnul
 31457 | D:13     | Noticed Azrael
 31472 | D:13     | Killed Azrael
 32189 | D:14     | Reached XP level 15. HP: 73/164 MP: 24/24
 32900 | D:14     | Found a gate to the Vaults.
 33314 | D:14     | Reached skill level 15 in Fighting
 33567 | D:14     | Received a gift from Yredelemnul
 34089 | D:14     | Found a radiant altar of Vehumet.
 34394 | D:15     | Entered Level 15 of the Dungeon
 35577 | Swamp:1  | Entered Level 1 of the Swamp
 36503 | Swamp:1  | Found a burning altar of Makhleb.
 36619 | Swamp:1  | Noticed Frances
 36628 | Swamp:1  | Killed Frances
 36769 | Swamp:1  | Reached skill level 1 in Armour
 36919 | Swamp:1  | Received a gift from Yredelemnul
 38036 | Swamp:2  | Received a gift from Yredelemnul
 38355 | Swamp:3  | Found a frozen archway.
 38412 | IceCv    | Entered an ice cave
 38429 | IceCv    | Reached skill level 5 in Armour
 39667 | IceCv    | Noticed an Ice Fiend
 40153 | Swamp:3  | Reached XP level 16. HP: 169/183 MP: 25/25
 40153 | Swamp:3  | Received a gift from Yredelemnul
 40358 | Swamp:3  | Noticed Roxanne
 40375 | Swamp:3  | Killed Roxanne
 40387 | Swamp:3  | Identified Roxanne's Incunabulum of Nocuous Transmigration (You took it off Roxanne on level 3 of the Swamp)
 40503 | Swamp:3  | Noticed a thorn hunter
 40509 | Swamp:3  | Killed a thorn hunter
 40617 | Swamp:3  | Noticed a thorn hunter
 40625 | Swamp:3  | Killed a thorn hunter
 40841 | Swamp:4  | Entered Level 4 of the Swamp
 40860 | Swamp:4  | Noticed a thorn hunter
 40862 | Swamp:4  | Noticed Aizul
 40870 | Swamp:4  | Killed a thorn hunter
 40873 | Swamp:4  | Killed Aizul
 41382 | Swamp:4  | Received a gift from Yredelemnul
 41447 | Swamp:4  | Received a gift from Yredelemnul
 41783 | Swamp:4  | Got a decaying rune of Zot
 42122 | Swamp:4  | Noticed Mara
 42131 | Swamp:4  | Noticed sanyatryhard's illusion
 42132 | Swamp:4  | Killed Mara
 42132 | Swamp:4  | Reached skill level 10 in Armour
 42660 | Spider:1 | Entered Level 1 of the Spider Nest
 42703 | Spider:1 | Received a gift from Yredelemnul
 43372 | Spider:1 | Received a gift from Yredelemnul
 43764 | Spider:1 | Received a gift from Yredelemnul
 44113 | Spider:1 | Received a gift from Yredelemnul
 44120 | Spider:1 | Reached XP level 17. HP: 147/191 MP: 0/26
 45331 | Spider:2 | Received a gift from Yredelemnul
 45402 | Spider:2 | Noticed WhatIsLove's ghost (adept DsMo)
 45414 | Spider:2 | Killed WhatIsLove's ghost
 46214 | Spider:3 | Received a gift from Yredelemnul
 46654 | Spider:3 | Received a gift from Yredelemnul
 46895 | Spider:3 | Received a gift from Yredelemnul
 46902 | Spider:3 | Reached skill level 10 in Dodging
 47141 | Spider:4 | Entered Level 4 of the Spider Nest
 47298 | Spider:4 | Received a gift from Yredelemnul
 47634 | Spider:4 | Got a gossamer rune of Zot
 48970 | Vaults:1 | Entered Level 1 of the Vaults
 49342 | Vaults:1 | Reached XP level 18. HP: 164/200 MP: 27/27
 49489 | Vaults:1 | Received a gift from Yredelemnul
 51343 | D:10     | Received a gift from Yredelemnul
 51803 | Vaults:1 | Received a gift from Yredelemnul
 52112 | Vaults:1 | Received a gift from Yredelemnul
 52260 | Vaults:1 | Noticed Rupert
 52261 | Vaults:1 | Noticed Agnes
 52269 | Vaults:1 | Killed Rupert
 52272 | Vaults:1 | Killed Agnes
 52634 | Vaults:1 | Found an iron altar of Okawaru.
 52969 | Vaults:2 | Received a gift from Yredelemnul
 53017 | Vaults:2 | Found Qeimua's Assorted Antiques.
 53025 | Vaults:2 | Bought a potion of curing for 69 gold pieces
 53025 | Vaults:2 | Bought a scroll of enchant armour for 172 gold pieces
 53025 | Vaults:2 | Bought a potion of cancellation for 184 gold pieces
 53965 | Vaults:2 | Found a staircase to the Crypt.
 54696 | Vaults:3 | Reached XP level 19. HP: 217/217 MP: 28/28
 54928 | Vaults:3 | Found a deep blue altar of Sif Muna.
 55385 | Vaults:3 | Found Cyhokon's Antique Weapon Boutique.
 55493 | Vaults:3 | Received a gift from Yredelemnul
 55747 | Vaults:3 | Found Dunysh's Armour Emporium.
 56139 | Vaults:3 | Identified the Guide on Lightness and Arcane Weapons
 56865 | Vaults:3 | Received a gift from Yredelemnul
 57749 | Vaults:4 | Noticed a lich
 57761 | Vaults:4 | Killed a lich
 57770 | Vaults:4 | Received a gift from Yredelemnul
 58893 | Vaults:4 | Found Keibinuw's Magic Scroll Boutique.
 58908 | Vaults:4 | Bought a scroll of enchant armour for 150 gold pieces
 58908 | Vaults:4 | Bought a scroll of teleportation for 60 gold pieces
 58908 | Vaults:4 | Bought a scroll of teleportation for 60 gold pieces
 59025 | Vaults:4 | Received a gift from Yredelemnul
 59474 | Vaults:4 | Reached XP level 20. HP: 228/240 MP: 29/29
 59499 | Vaults:4 | Received a gift from Yredelemnul
 60187 | Vaults:5 | Entered Level 5 of the Vaults
 60202 | Vaults:4 | Received a gift from Yredelemnul
 60447 | Vaults:5 | HP: 12/244 [tengu reaver/bolt of poison (31)]
 60447 | Vaults:5 | Killed from afar by a battlesphere

Vault maps used:
D:1:      dpeg_arrival_radiant, amethyst_killhole
D:2:      elyvilon_altar_4, first_bread, kennysheep_jessica_study
D:4:      nicolae_overflow_hidden_temple, bloody_makhleb, uniq_natasha
D:6:      serial_shops, shop
D:7:      marbit_many_paths, minmay_temple_entry_crystal_x,
          okawaru_ov_weapons_minmay, uniq_crazy_yiuf_cottage, uniq_menkaure,
          uniq_pikel
D:8:      lair_0_dummy, grunt_qazlal_sundering
D:9:      grunt_livestock
D:10:     basic_altar
D:12:     hiddenorc1_lemuel, nicolae_straight_to_the_point
D:13:     small_statue_intersection, grunt_decor_resistance, uniq_azrael
D:14:     erik_vaults_1, basic_altar, kennysheep_generic_room_11
D:15:     gammafunk_depths_entry_grave, minmay_misc_feat_four_crosses,
          serial_shops, shop
Temple:   nicolae_temple_x_marks_the_god_16
Lair:3:   grunt_forest_large_clearings
Lair:4:   infiniplex_staircase_pool
Lair:5:   minmay_swamp_entry_swarm, spider_nest_entry_a, wad_woods_06,
          st_stairs_8
Lair:6:   serial_bayou_shore_a, infiniplex_staircase_pool_2
Lair:7:   grunt_megastairs_2
Lair:8:   minmay_lair_end_enchanted_forest, slime_altar_1, lab_entry_generic,
          minmay_lair_drake_nest, lemuel_fruit_fields
Swamp:1:  nicolae_swamp_godswood, uniq_frances
Swamp:2:  hangedman_swamp_lotus, swamp_pool1, statue_in_the_mist_lemuel
Swamp:3:  portal_ice_cave_entry_imps, evilmike_swamp_ruin_house_2, uniq_roxanne
Swamp:4:  swamp_alternative, uniq_mara, uniq_aizul
Spider:1: spider_trap
Spider:3: spiders_nest_ghost_moth_duel
Spider:4: grunt_spider_rune_circles
Orc:2:    st_orc_elflike, basic_altar, enter_volcano_1, serial_shops,
          bzr_entry_road
Vaults:1: hangedman_vaults_variations, v_misc_12, v_misc_23,
          vaults_room_corners, vaults_room_grunt_arrival_checkpoint,
          vaults_room_hallway, nicolae_vaults_asterisk,
          ontoclasm_vaults_gateway, v_misc_13, v_misc_12, v_pattern_2,
          sword_in_stone, basic_altar
Vaults:2: hangedman_vaults_impose, hangedman_vaults_impose,
          ontoclasm_vaults_ring_square, v_misc_18, v_misc_14, v_misc_23,
          minmay_crypt_entry_simple_round, vaults_standard_mumra_x,
          vaults_room_corners, vaults_dpeg_hooks,
          nicolae_vaults_little_squares_6, serial_shops, nicolae_shop_stone
Vaults:3: v_misc_9, ontoclasm_vaults_shuriken, ontoclasm_vaults_claustrophobia,
          v_rooms_4, ontoclasm_vaults_pinch, nicolae_vaults_branching_niches,
          v_rooms_2, vaults_dpeg_diagonal, vaults_dpeg_cross, v_misc_1,
          v_misc_5, nicolae_vaults_alarming, serial_shops,
          nicolae_shop_behind_doors, nicolae_shop_stone, basic_altar
Vaults:4: grunt_vaults_funnel, vaults_room_mumra_shop_pool, v_misc_16,
          hangedman_vaults_slither, nicolae_vaults_little_squares_2,
          ontoclasm_vaults_decontamination, hangedman_vaults_capsules,
          hangedman_vaults_slice, vaults_mumra_chevron_long, vaults_room_pool,
          v_pattern_3, st_cells, vaults_room_fours, nicolae_vaults_shelves_hall
Lab:      labyrinth_spiral, nicolae_lab_x, nicolae_lab_big_swirl,
          nicolae_lab_diamond, nicolae_lab_hexagon, labyrinth_skeletal_remains,
          nicolae_lab_grate
Bazaar:   bazaar_long_row
IceCv:    ice_cave_tombish
Volcano:  volcano_caves

Skill      XL: |  1  2  3  4  5  6  7  8  9 10 11 12 13 14 15 16 17 18 19 20 |
---------------+-------------------------------------------------------------+-----
Short Blades   | 1 |  1.0
Fighting       | 5 10 14 17 19 23 24 | 24.1
Maces & Flails | 1 6 9 12 13 14 17 20 21 22 24 | 24.1
Dodging        | 5 11 | 11.2
Invocations    | 5 13 | 13.0
Throwing       | 5 |  8.0
Armour         | 6 10 | 10.1
Stealth        | |  0.7

Action                   |  1- 3 |  4- 6 |  7- 9 | 10-12 | 13-15 | 16-18 | 19-21 || total
-------------------------+-------+-------+-------+-------+-------+-------+-------++-------
Melee: Short sword       |    94 |     7 |       |       |       |       |       ||   101
       Halberd           |       |    33 |       |       |       |       |       ||    33
       Mace              |       |   202 |    58 |       |       |       |       ||   260
       Giant club        |       |       |   186 |   175 |       |       |       ||   361
       Dire flail        |       |       |       |   545 |       |       |       ||   545
       Giant spiked club |       |       |       |    66 |  1257 |   906 |   442 ||  2671
Throw: Large rock        |     9 |    12 |    14 |    15 |     5 |       |       ||    55
       Tomahawk          |       |     6 |    11 |    25 |    12 |       |       ||    54
Invok: Animate Remains   |       |       |       |    37 |       |       |       ||    37
       Animate Dead      |       |       |       |    24 |    82 |    81 |    22 ||   209
       Drain Life        |       |       |       |       |     1 |     1 |     1 ||     3
       Enslave Soul      |       |       |       |       |     2 |     3 |     2 ||     7
Evoke: Wand              |       |       |     1 |     3 |     3 |       |       ||     7
  Use: Scroll            |       |     6 |     3 |    11 |    25 |     6 |     5 ||    56
       Potion            |       |       |       |       |     1 |     2 |     2 ||     5
 Stab: Sleeping          |     2 |     1 |     1 |     4 |       |       |       ||     8
       Distracted        |       |       |     1 |     5 |    11 |    13 |     7 ||    37
       Petrified         |       |       |       |     2 |       |       |       ||     2
       Petrifying        |       |       |       |     1 |       |       |       ||     1
       Confused          |       |       |       |       |     1 |       |       ||     1
  Eat: Chunk             |     1 |    10 |     3 |    27 |    25 |    20 |    12 ||    98
       Meat ration       |       |       |     2 |     2 |     5 |     5 |     1 ||    15
       Bread ration      |       |       |       |     1 |     7 |     3 |       ||    11
